 Dungeon Crawl Stone Soup version 0.25.0-37-gb73750e0fb (webtiles) character file.

Game seed: 6772232602778770739

49 Ethylacetat the Sneak (level 3, -3/25 HPs)
             Began as an Octopode Assassin on July 8, 2020.
             Slain by a worm (7 damage)
             ... on level 2 of the Dungeon.
             The game lasted 00:02:07 (996 turns).

Ethylacetat the Sneak (Octopode Assassin)            Turns: 996, Time: 00:02:08

Health: -3/25      AC:  1    Str: 11    XL:     3   Next: 77%
Magic:  3/3        EV: 13    Int: 13    God:
Gold:   88         SH:  0    Dex: 13    Spells: 2/2 levels left

rFire    . . .     SeeInvis .   a - +2 dagger
rCold    . . .     Gourm    .   (no shield)
rNeg     . . .     Faith    .   (helmet restricted)
rPois    .         Spirit   .   (no amulet)
rElec    .         Reflect  .   (no ring)
rCorr    .         Harm     .   (no ring)
MR       .....                  (no ring)
Stlth    ++++......             (no ring)
HPRegen  0.08/turn              (no ring)
MPRegen  0.08/turn              (no ring)
                                (no ring)
                                (no ring)

@: lethally poisoned (-3 -> -7), invisible
A: almost no armour, stealthy swim, amphibious, 8 rings, constrict 8, camouflage
1, gelatinous body 1
a: no special abilities


You were on level 2 of the Dungeon.
You were not hungry.

You visited 1 branch of the dungeon, and saw 2 of its levels.

You collected 88 gold pieces.

Inventory:

Hand Weapons
 a - a +2 dagger (weapon)
Missiles
 b - 8 poisoned darts (quivered)
 c - 2 curare-tipped darts
Jewellery
 h - an uncursed ring of poison resistance {unknown}
Scrolls
 e - a scroll of noise {unknown}
 j - a scroll of remove curse {unknown}
 k - a scroll of blinking {unknown}
 l - a scroll of identify {unknown}
Potions
 i - a potion of brilliance {unknown}
 m - a potion of lignification {unknown}
Comestibles
 d - 3 rations


   Skills:
 * Level 2.9 Fighting
 * Level 2.9 Short Blades
 - Level 2.0 Throwing
 - Level 1.0 Dodging
 + Level 5.7 Stealth


You had 2 spell levels left.
You didn't know any spells.
Your spell library was empty.

Dungeon Overview and Level Annotations

Branches:
Dungeon (2/15)

Altars:


Innate Abilities, Weirdness & Mutations

You cannot wear most types of armour.
You are very stealthy in the water. (Stealth+)
You are amphibious.
You can wear up to eight rings at the same time.
You can use your tentacles to constrict eight enemies at once.
Your skin changes colour to match your surroundings (Stealth+).
Your rubbery body absorbs attacks. (AC +1, EV +1)


Message History

You feel sick.
You hit the worm but do no damage. You grab the worm.
You constrict the worm, but do no damage.
You hit the worm.
The worm is lightly wounded.
You constrict the worm.
You feel sick. The worm bites you.
You are too injured to fight recklessly!
You are too injured to fight recklessly!
You are too injured to fight recklessly!
You hit the worm but do no damage.
The worm is moderately wounded.
You constrict the worm. You hit the worm.
The worm is moderately wounded.
You constrict the worm.
You feel sick. The worm bites you.
* * * LOW HITPOINT WARNING * * *
It was a potion of invisibility.
You fade into invisibility!
You constrict the worm. The worm bites you!
You die...

.. #. #<# #. # #.. #..
#. ### #... ####.####
##...####### .........
...........##.# ####.)รท
...........##.# #......
......w@..>##.# #.##...
#......###.##.#.##.##...
#....#. #.##.#.......##
#... #. ##.##.####.####
#.. #. #...#.####.# #.
#. #..........# # ..
#...#.......# ##
############.# .#


You could see a worm.

Vanquished Creatures
  2 adders (D:2)
  3 bats
  4 goblins
  6 hobgoblins
  5 jackals
  A kobold (D:1)
  A frilled lizard (D:1)
  5 rats
27 creatures vanquished.

Notes
Turn   | Place    | Note
-------+----------+-------------------------------------------
     0 | D:1      | Ethylacetat the Octopode Assassin began the quest for the
                  | Orb.
     0 | D:1      | Reached XP level 1. HP: 14/14 MP: 1/1
   172 | D:1      | Reached XP level 2. HP: 18/19 MP: 2/2
   741 | D:2      | Reached XP level 3. HP: 18/25 MP: 3/3
   996 | D:2      | Slain by a worm

Illustrated notes

Levels and vault maps discovered:
D:1:      scummos_arrival_hexagon, layout_loops_ring, serial_bayou_crossing
D:2:      layout_loops_cross

Action                   || total
-------------------------++-------
Melee: Dagger            ||    53
       Constrict         ||    15
       Tentacles         ||     7
  Use: Potion            ||     1
 Stab: Sleeping          ||     7
Armor: Skin              ||     8
Dodge: Dodged            ||    21
